cohdb
Replays
Latest Replays
All Replays
Popular Replays
Top Player Replays
Match Explorer
How It Works
Community
CoH3 Stats
Reddit
Sign in to upload your games and track your stats! →
Sign in with Steam
Match 42311535
Unlisted
Match 42311535
Overview
Messages
Build Orders
End
Selects Special Operations Battlegroup
Selects M29 Weasel Recon Vehicle
M29 Weasel Recon Vehicle
Construct Barracks
Riflemen Squad
Riflemen Squad
Grenade Package
Infantry Support Center
Construct Weapon Support Center
Selects Raiding Flares
M3 Armored Personnel Carrier
Construct Medical Station
Engineer Squad
Selects SSF Commando Squad
SSF Commando Squad
Survival Training
Munitions Surplus
Improved M9 Bazooka Rockets
SSF Commando Squad
Selects Mark Vehicle
CHINOOOK
DannY Rand_02
Justive killer
gUi
Noaimlole
Brain
MightyHawk138
derbimo
0
0
Comments
sign in to comment!
No comments posted yet!